 Dungeon Crawl Stone Soup version 0.21-a0-94-gdd6ab6a (webtiles) character file.

776 nubinia the Conjurer (level 7, -1/43 HPs)
             Began as an Octopode Conjurer on July 2, 2017.
             Slain by an iguana (8 damage)
             ... on level 4 of the Dungeon.
             The game lasted 00:18:41 (5016 turns).

nubinia the Conjurer (Octopode Conjurer)            Turns: 5016, Time: 00:18:41

Health: -1/43      AC:  1    Str:  9    XL:     7   Next: 84%
Magic:  6/13       EV: 14    Int: 19    God:
Gold:   124        SH:  0    Dex: 13    Spells: 2/14 levels left

rFire    + . .     SeeInvis +   x - +1 dagger (freeze)
rCold    . . .     Gourm    .   (no shield)
rNeg     . . .     Faith    .   (helmet restricted)
rPois    .         Spirit   .   (no amulet)
rElec    .         Reflect  .   e - ring of loudness (curse)
rCorr    .         Harm     .   n - ring of protection from fire
MR       .....                  (no ring)
Stlth    +++.......             (no ring)
HPRegen  0.14/turn              (no ring)
MPRegen  0.13/turn              (no ring)
                                (no ring)
                                (no ring)

@: no status effects
A: almost no armour, stealthy swim, amphibious, 8 rings, constrict 8, camouflage
1, see invisible, strong 1, gelatinous body 1
a: no special abilities


You were on level 4 of the Dungeon.
You were not hungry.

You visited 1 branch of the dungeon, and saw 4 of its levels.
You also visited: Sewer.

You collected 124 gold pieces.

Inventory:

Hand Weapons
 r - a +1 short sword of venom
 x - a +1 dagger of freezing (weapon)
Jewellery
 e - a cursed ring of loudness (left tentacle)
 n - a ring of protection from fire (right tentacle)
Wands
 w - a wand of flame (14/48)
Scrolls
 d - a scroll of teleportation {unknown}
 f - 3 scrolls of identify
 h - a scroll of fear
 p - a scroll of amnesia {unknown}
 s - a scroll of recharging {unknown}
 v - a scroll of fog {unknown}
Potions
 c - a potion of mutation
 g - a potion of might
 i - 2 potions of magic
 k - a potion of berserk rage {unknown}
 l - a potion of brilliance {unknown}
 m - a potion of curing {unknown}
 t - 2 potions of heal wounds {unknown}
 u - a potion of ambrosia
Books
 a - a book of Conjurations

   Spells                             Type                      Level
   a - Magic Dart                     Conjuration                  1
   b - Searing Ray                    Conjuration                  2
   c - Dazzling Spray                 Conjuration/Hexes            3
   d - Fulminant Prism                Conjuration/Hexes            4
   e - Force Lance                    Conjuration/Translocation    4
   f - Iskenderun's Mystic Blast      Conjuration                  4
Comestibles
 b - 3 bread rations
 o - 4 fruits
 q - 2 meat rations


   Skills:
 + Level 1.0 Fighting
 + Level 2.6 Short Blades
 + Level 3.0 Dodging
 + Level 4.6 Stealth
 + Level 4.2 Spellcasting
 + Level 6.8 Conjurations


You had 2 spell levels left.
You knew the following spells:

 Your Spells              Type           Power        Failure   Level  Hunger
a - Magic Dart            Conj           ####         1%          1    None
b - Dazzling Spray        Conj/Hex       ###...       10%         3    ###....
c - Iskenderun's Mystic   Conj           ####....     9%          4    ####...
d - Force Lance           Conj/Tloc      ###.....     32%         4    ####...


Dungeon Overview and Level Annotations

Branches:
Dungeon (4/15)
 Temple: D:4-7

Altars:

Annotations:
D:3 Grinder
D:4 Gorglomux's ghost, amateur SpVM


Innate Abilities, Weirdness & Mutations

You cannot wear most types of armour.
You are very stealthy in the water. (Stealth+)
You are amphibious.
You can wear up to eight rings at the same time.
You can use your tentacles to constrict eight enemies at once.
Your skin changes colour to match your surroundings (Stealth+).
Your rubbery body absorbs attacks. (AC +1, EV +1)
You have supernaturally acute eyesight. (SInv)
Your muscles are strong. (Str +2)


Message History

Casting: Dazzling Spray
Confirm with . or Enter, or press ? or * to list all spells.
Aiming: Dazzling Spray
Press: ? - help, Shift-Dir - straight line, f/p - iguana
Aim: an iguana (moderately wounded, constricted by you, blind)
The spray of energy hits the iguana.
The iguana is moderately wounded.
The iguana is dazzled.
You constrict the iguana. The iguana closely misses you.
Unknown command.
Unknown command.
Unknown command.
Casting: Dazzling Spray
Confirm with . or Enter, or press ? or * to list all spells.
Aiming: Magic Dart
Press: ? - help, Shift-Dir - straight line, f/p - iguana
Aim: an iguana (heavily wounded, constricted by you, blind)
The magic dart hits the iguana.
The iguana is severely wounded.
You constrict the iguana. The iguana bites you!
You die...

,***,*,,,,..***#$.*,,,,,,,,,....,
,,,,,,,,,*#.# #..+,,,,,,,,,.....
,,******,*#.####.#*,,,,,,,,,.....
,,..* *,*#.#.....,,,**+*,,,.....
,,*.####.*#.#.##.#*****,*,,......
,,*,.....*#.#.##.# *,*,.#.#...
,,,,....###.#.##.######.,.....#..
,,**............>.......,........
,,***##.###.#.##@#######,,.......
,,#####.###.#.##l#*** *,**#.#..#
.##.........#.##..,,* *,* #.....
.......<##..#.##.##,****,*####.)#
#.#####.#...#(##.#,,,,,*,*#......
*,****#.#........#,,**,*,#..###.#
*,*,,,..#...#.####,,**,*,*,,#$...
*,,,,,#.......# *,,**,*,,,,#.#.#
*****,#.#.##### *,,******#.#...#


You could see an iguana (blind).

Vanquished Creatures
  A phantom (D:4)
  5 big kobolds (Sewer)
  An iguana (D:4)
  Ijyb (D:3)
  2 worker ants
  7 adders
  A gnoll (D:1)
  A river rat (D:4)
  A shadow imp (D:4)
  6 oozes
  5 worms
  3 leopard geckos
  An orc (D:3)
  4 ball pythons
  6 bats
  6 giant cockroaches
  8 goblins
  7 hobgoblins
  5 jackals
  16 kobolds
  A quokka (D:2)
  A frilled lizard (D:2)
  32 rats
121 creatures vanquished.

Notes
Turn   | Place    | Note
-------+----------+-------------------------------------------
     0 | D:1      | nubinia the Octopode Conjurer began the quest for the Orb.
     0 | D:1      | Reached XP level 1. HP: 11/11 MP: 3/3
   347 | D:1      | Reached XP level 2. HP: 17/17 MP: 0/5
   564 | D:1      | Reached XP level 3. HP: 21/21 MP: 0/6
   625 | D:1      | Learned a level 3 spell: Dazzling Spray
   959 | D:1      | Gained mutation: You have supernaturally acute eyesight. (SInv) [potion of mutation]
   959 | D:1      | Gained mutation: Your muscles are strong. (Str +2) [potion of mutation]
  1561 | D:2      | Reached skill level 5 in Conjurations
  1561 | D:2      | Reached XP level 4. HP: 22/27 MP: 0/7
  2577 | D:2      | Reached XP level 5. HP: 22/31 MP: 8/8
  2645 | D:2      | Reached skill level 1 in Short Blades
  3285 | D:4      | Noticed Gorglomux's ghost (amateur SpVM)
  3300 | D:4      | Found a glowing drain.
  3516 | Sewer    | Entered a sewer
  3582 | Sewer    | Noticed a big kobold
  3592 | Sewer    | Killed a big kobold
  3592 | Sewer    | Reached XP level 6. HP: 37/37 MP: 2/10
  3827 | Sewer    | Reached skill level 6 in Conjurations
  4197 | Sewer    | Reached XP level 7. HP: 35/42 MP: 1/12
  4751 | D:4      | Learned a level 4 spell: Iskenderun's Mystic Blast
  4756 | D:4      | Learned a level 4 spell: Force Lance
  4773 | D:3      | Noticed Ijyb
  4791 | D:3      | Killed Ijyb
  4791 | D:3      | Reached skill level 1 in Fighting
  4987 | D:3      | Noticed Grinder
  5016 | D:4      | Slain by an iguana

Vault maps used:
D:1:      minmay_arrival_doors
D:2:      wad_lake_hut, minmay_rat_hole
D:3:      uniq_grinder, uniq_ijyb, uniq_crazy_yiuf_cottage
D:4:      lemuel_round_altar, portal_sewer_entry_c, serial_shops,
          kennysheep_little_box, st_stairs_1
Sewer:    sewer_co_tree

Skill      XL: |  1  2  3  4  5  6  7 |
---------------+----------------------+-----
Stealth        | 3 4 |  4.6
Conjurations   | 5 6 |  6.8
Short Blades   | 1 2 |  2.6
Spellcasting   | 3 4 |  4.2
Dodging        | 3 |  3.0
Fighting       | 1 |  1.0

Action                   |  1- 3 |  4- 6 |  7- 9 || total
-------------------------+-------+-------+-------++-------
Melee: Unarmed           |     7 |       |       ||     7
       Constrict         |     8 |     8 |     5 ||    21
       Short sword       |    19 |    51 |    21 ||    91
       Tentacles         |     1 |    10 |     3 ||    14
       Dagger            |       |       |     7 ||     7
 Cast: Magic Dart        |    57 |   125 |    44 ||   226
       Dazzling Spray    |       |       |     5 ||     5
  Use: Potion            |     2 |     1 |       ||     3
       Scroll            |     1 |     4 |       ||     5
 Stab: Sleeping          |     2 |     2 |       ||     4
       Invisible         |       |       |     1 ||     1
  Eat: Chunk             |     3 |     8 |     3 ||    14
Armor: Skin              |     1 |     5 |       ||     6
Dodge: Dodged            |    10 |    35 |     8 ||    53
